 Dungeon Crawl Stone Soup version 0.24.1 (webtiles) character file.

Game seed: 10906795903398606950, levelgen mode: deterministic

432 Descartes the Magician (level 6, -2/32 HPs)
             Began as a Deep Elf Air Elementalist on Apr 1, 2020.
             Was an Initiate of Dithmenos.
             Slain by an ice beast (14 damage)
             ... on level 4 of the Dungeon.
             The game lasted 00:12:36 (4797 turns).

Descartes the Magician (Deep Elf Air Elementalist)  Turns: 4797, Time: 00:12:37

Health: -2/32      AC:  3    Str:  7    XL:     6   Next: 67%
Magic:  1/14       EV: 12    Int: 20    God:    Dithmenos [......]
Gold:   200        SH:  4    Dex: 15    Spells: 6/14 levels left

rFire    . . .     SeeInvis .   H - +0 dagger (freeze)
rCold    . . .     Gourm    .   G - +0 buckler
rNeg     . . .     Faith    .   f - +0 leather armour
rPois    .         Spirit   .   (no helmet)
rElec    .         Reflect  .   (no cloak)
rCorr    .         Harm     .   (no gloves)
MR       .....                  (no boots)
Stlth    ++........             (no amulet)
HPRegen  0.10/turn              q - ring of wizardry
MPRegen  0.14/turn              (no ring)

@: very slightly contaminated
A: no striking features
a: Renounce Religion


You were on level 4 of the Dungeon.
You worshipped Dithmenos.
Dithmenos was noncommittal.
You were hungry.

You visited 1 branch of the dungeon, and saw 4 of its levels.

You collected 200 gold pieces.

Inventory:

Hand Weapons
 a - a +0 short sword
 b - a +0 hunting sling
 C - a +0 dagger
 H - a +0 dagger of freezing (weapon)
Missiles
 g - 114 stones
 k - 6 silver javelins (quivered)
 t - 32 poisoned darts
 u - 7 atropa-tipped darts
 z - 29 sling bullets
 E - a throwing net
Armour
 f - a +0 leather armour (worn)
 n - a +0 robe
 r - a +0 shield
 G - a +0 buckler (worn)
Jewellery
 q - a ring of wizardry (left hand)
Wands
 D - a wand of random effects (22)
Scrolls
 d - 3 scrolls of identify {unknown}
 h - 4 scrolls of remove curse {unknown}
 i - a scroll of enchant armour {unknown}
 m - 3 scrolls of teleportation {unknown}
 o - a scroll of immolation {unknown}
 x - 2 scrolls of fear {unknown}
 y - 3 scrolls of amnesia {unknown}
 F - a scroll of enchant weapon {unknown}
Potions
 e - 2 potions of cancellation {unknown}
 j - a potion of agility {unknown}
 l - a potion of mutation {unknown}
 p - a potion of resistance {unknown}
 v - a potion of flight {unknown}
 w - a potion of heal wounds {unknown}
 A - a potion of lignification {unknown}
 B - a potion of ambrosia {unknown}
Comestibles
 c - 7 rations
 s - 2 chunks of flesh


   Skills:
 + Level 1.8 Armour
 - Level 3.0 Dodging
 + Level 4.2 Stealth
 * Level 2.3 Shields
 + Level 4.5 Spellcasting
 + Level 2.9 Conjurations
 + Level 4.1 Air Magic


You had 6 spell levels left.
You knew the following spells:

 Your Spells              Type           Power        Failure   Level  Hunger
a - Shock                 Conj/Air       ###.         2%          1    None
b - Airstrike             Air            ###.......   16%         4    ####...
c - Static Discharge      Conj/Air       ###.....     6%          3    ##.....

Your spell library contained the following spells:

 Spells                   Type           Power        Failure   Level  Hunger
 Swiftness                Chrm/Air       ##......     6%          2    #......
 Lightning Bolt           Conj/Air       ###.......   47%         5    ######.


Dungeon Overview and Level Annotations

Branches:
Dungeon (4/15)
 Temple: D:4-7

Altars:
Dithmenos


Message History

You are feeling hungry.
The ice beast barely misses you.
Casting: Airstrike (slightly dangerous; 16% risk of failure)
Confirm with . or Enter, or press ? or * to list all spells.
Aiming: Airstrike (slightly dangerous; 16% risk of failure)
Press: ? - help, Dir - move target cursor, f/p - ice beast
Aim: an ice beast (heavily wounded)
The air twists around and strikes the ice beast!
The ice beast is almost dead.
The ice beast hits you. The ice beast freezes you!
Casting: Airstrike (slightly dangerous; 16% risk of failure)
Confirm with . or Enter, or press ? or * to list all spells.
Aiming: Airstrike (slightly dangerous; 16% risk of failure)
Press: ? - help, Dir - move target cursor, f/p - ice beast
Aim: an ice beast (almost dead)
You miscast Airstrike.
You are very lightly contaminated with residual magic.
Electricity courses through your body. The ice beast hits you.
The ice beast freezes you!
You die...

#..... ## ##
#.###. .. ..#
#.. .. . .# #..
#.# ....# .#...
... #.#. .#.#
#### ... ...
#.###Y#
##...@##?##.#
##...........#
##.....###.####
#.......##.#
##...>.....#
######....#####
........#.#
#######)#.#
#.#.#


You could see an ice beast.

Vanquished Creatures
  2 ogres (D:4)
  A worker ant (D:4)
  A howler monkey skeleton (D:4)
  4 gnolls
  7 adders
  An ooze (D:4)
  3 worms
  4 dart slugs
  5 leopard geckos
  5 orcs
  8 giant cockroaches
  5 goblins
  11 hobgoblins
  4 jackals (D:4)
  9 kobolds
  A quokka (D:2)
  9 bats
  11 frilled lizards
  9 rats
100 creatures vanquished.

Notes
Turn   | Place    | Note
-------+----------+-------------------------------------------
     0 | D:1      | Descartes the Deep Elf Air Elementalist began the quest for
                  | the Orb.
     0 | D:1      | Reached XP level 1. HP: 10/10 MP: 6/6
   187 | D:1      | Reached XP level 2. HP: 15/15 MP: 5/8
   856 | D:1      | Reached XP level 3. HP: 19/19 MP: 1/9
  1515 | D:2      | Reached skill level 1 in Armour
  1641 | D:2      | Reached XP level 4. HP: 15/24 MP: 4/11
  2248 | D:2      | Learned a level 4 spell: Airstrike
  2252 | D:2      | Learned a level 3 spell: Static Discharge
  2575 | D:2      | Reached skill level 1 in Shields
  3284 | D:3      | Reached XP level 5. HP: 26/28 MP: 5/12
  4044 | D:3      | Found a shadowy altar of Dithmenos.
  4049 | D:3      | Became a worshipper of Dithmenos the Shadowed
  4160 | D:4      | Noticed an ogre
  4179 | D:4      | Killed an ogre
  4179 | D:4      | Reached XP level 6. HP: 25/32 MP: 9/14
  4791 | D:4      | Noticed an ice beast
  4797 | D:4      | Slain by an ice beast

Levels and vault maps discovered:
D:1:      dpeg_arrival_rhombus, layout_rooms, serial_forest,
          infiniplex_forest_end_1, infiniplex_forest_lined_3_way,
          infiniplex_forest_clump_small, infiniplex_forest_clump_small,
          minmay_misc_feat_enclosed, hex_medium, minmay_vboxes
D:2:      layout_loops_ring
D:3:      minmay_chambers_of_twos, layout_loops_ring, marbit_many_paths,
          first_ration
D:4:      layout_loops_ring, grunt_gozag_statues, uniq_ijyb

Skill      XL: |  1  2  3  4  5  6 |
---------------+-------------------+-----
Stealth        | 3 4 |  4.2
Armour         | 1 |  1.8
Dodging        | 3 |  3.0
Conjurations   | 2 |  2.9
Shields        | 1 2 |  2.3
Spellcasting   | 4 |  4.5
Air Magic      | 4 |  4.1

Action                   |  1- 3 |  4- 6 || total
-------------------------+-------+-------++-------
Melee: Dagger            |       |     4 ||     4
 Fire: Hunting sling     |     1 |       ||     1
 Cast: Shock             |    93 |   139 ||   232
       Airstrike         |       |     2 ||     2
 Stab: Sleeping          |       |     2 ||     2
  Eat: Chunk             |     2 |     9 ||    11
Armor: Robe              |     1 |       ||     1
       Leather armour    |     1 |     3 ||     4
Dodge: Dodged            |    13 |    22 ||    35
Block: Buckler           |       |     2 ||     2
